Selects Airborne Battlegroup
Selects Heavy Machine Gun Paradrop
Heavy Machine Gun Paradrop
Selects Paratrooper Squad Paradrop
Paratrooper Squad Paradrop
Mechanized Support Center
Paratrooper Squad Paradrop
Selects Anti-tank Gun Team Paradrop
Anti-tank Gun Team Paradrop
Heavy Machine Gun Paradrop
Construct Medical Station
Anti-tank Gun Team Paradrop
Heavy Machine Gun Paradrop
M4(105) Sherman Bulldozer
Designate Forward Repair Station
Selects Carpet Bombing Run
M18 Hellcat Tank Destroyer